AoeStats
← Simon Stokvis

Fortress

509413972Analyzed
4v4 RM · 5d ago on Sep 26, 2026· 38m 20s· 8 players
Game mode
Random Map
Map size
Huge
Population
200
Speed
Normal
Resources
Standard
Victory
Conquest
Starting age
Dark Age
Ending age
Imperial Age
RankedLock teamsTeams togetherTeam positionsShared explorationLock speedFull tech treeHidden civsTurbo modeCheats
Victory
Defeat
🇨🇳 Mongols · China
1565
+17
🇨🇳 Varangians · China
1507
+19
🇦🇷 Magyars · Argentina
1492
+20
🇧🇷 Bohemians · Brazil
1464
+21
🇪🇸 Danes · Spain
1670
-24
🇳🇱 Italians · Netherlands
1565
-19
🇦🇷 Lithuanians · Argentina
1552
-18
🇭🇺 Spanish · Hungary
1510
-16
Simon Stokvis
7:14 Feudal Age
10:59 Castle Age
8:44 Horse Collar
8:56 Double-Bit Axe
21:15 Imperial Age
19:35 Fletching
21:43 Ballistics
23:59 Chemistry
23:21 Bodkin Arrow
24:26 Bracer
26:57 Padded Archer Armor
28:05 Leather Archer Armor
28:13 Conscription
29:47 Elite Genoese Crossbowman
kingsvtro
7:23 Feudal Age
9:11 Double-Bit Axe
9:08 Horse Collar
11:45 Castle Age
12:46 Bow Saw
16:56 Wheelbarrow
18:47 Gold Mining
20:09 Loom
24:26 Imperial Age
22:58 Scale Mail Armor
23:09 Forging
23:14 Heavy Plow
23:53 Gold Shaft Mining
24:46 Squires
25:03 Chain Mail Armor
25:24 Iron Casting
26:15 Conscription
25:25 Elite Varangian Guard
27:50 Arson
28:56 Plate Mail Armor
30:08 Blast Furnace
29:12 Onager
34:01 Chemistry
33:07 Siege Engineers
32:26 Siege Onager
32:59 Hamask
33:39 Northmen's Fury
Bl++d
7:39 Feudal Age
8:31 Loom
11:17 Castle Age
9:52 Loom
10:07 Double-Bit Axe
10:06 Horse Collar
11:59 Town Watch
21:05 Wheelbarrow
21:59 Bow Saw
25:42 Imperial Age
24:06 Hand Cart
25:34 Scale Barding Armor
25:40 Forging
25:33 Husbandry
25:43 Bloodlines
26:19 Cavalier
27:24 Chain Barding Armor
28:14 Two-Man Saw
28:07 Conscription
28:56 Plate Barding Armor
29:01 Iron Casting
29:20 Gold Mining
30:26 Paladin
33:21 Caravan
36:01 Blast Furnace
35:03 Padded Archer Armor
35:47 Heavy Plow
37:49 Fortified Wall
38:39 Supremacy
Lauti
7:31 Feudal Age
8:55 Double-Bit Axe
8:52 Horse Collar
11:39 Castle Age
14:34 Wheelbarrow
16:11 Hand Cart
19:01 Bow Saw
25:04 Imperial Age
23:54 Scale Barding Armor
23:49 Gold Mining
23:49 Stone Mining
23:49 Gold Mining
24:14 Bloodlines
24:04 Husbandry
24:18 Town Watch
24:19 Loom
24:25 Loom
25:17 Forging
25:27 Chain Barding Armor
25:18 Forging
25:14 Cavalier
28:04 Plate Barding Armor
27:45 Heavy Plow
29:22 Fletching
29:34 Padded Archer Armor
31:08 Chemistry
30:16 Crossbowman
31:02 Thumb Ring
32:07 Ballistics
31:43 Bodkin Arrow
32:06 Leather Archer Armor
32:57 Bracer
33:32 Ring Archer Armor
35:29 Two-Man Saw
34:21 Stone Mining
36:26 Crop Rotation
36:36 Light Cavalry
37:52 Iron Casting
37:54 Murder Holes
hailanxing.1
7:01 Feudal Age
10:45 Castle Age
8:33 Double-Bit Axe
9:20 Horse Collar
12:15 Heavy Plow
13:08 Loom
18:09 Bow Saw
18:29 Loom
19:31 Fletching
20:33 Bodkin Arrow
21:35 Husbandry
22:29 Ballistics
22:01 Stone Mining
23:15 Bloodlines
23:09 Padded Archer Armor
23:09 Town Watch
24:01 Wheelbarrow
24:46 Leather Archer Armor
25:47 Fortified Wall
30:03 Imperial Age
30:47 Bracer
31:58 Chemistry
31:09 Bloodlines
31:25 Conscription
31:41 Hand Cart
32:59 Caravan
33:24 Light Cavalry
34:10 Scale Barding Armor
34:16 Forging
36:38 Chain Barding Armor
36:54 Iron Casting
Chim cu đi tắm
6:44 Feudal Age
11:03 Castle Age
9:21 Horse Collar
10:10 Double-Bit Axe
11:49 Heavy Plow
12:55 Bow Saw
16:36 Wheelbarrow
20:17 Stone Mining
24:24 Imperial Age
22:37 Corvinian Army
23:21 Scale Barding Armor
24:35 Chain Barding Armor
24:43 Loom
25:17 Hand Cart
25:59 Plate Barding Armor
26:36 Husbandry
26:48 Bloodlines
26:46 Elite Magyar Huszar
28:28 Conscription
30:19 Two-Man Saw
30:24 Hoardings
30:15 Masonry
32:24 Thumb Ring
32:46 Parthian Tactics
33:08 Crop Rotation
33:09 Fletching
33:41 Ballistics
34:22 Chemistry
35:24 Gold Mining
小山
7:35 Feudal Age
11:34 Castle Age
9:20 Horse Collar
12:43 Heavy Plow
13:25 Double-Bit Axe
15:13 Wheelbarrow
18:56 Bow Saw
20:14 Hand Cart
20:40 Gold Mining
24:30 Imperial Age
22:16 Scale Mail Armor
22:44 Squires
23:23 Chain Mail Armor
24:13 Forging
24:13 Loom
24:31 Elite Varangian Guard
25:45 Plate Mail Armor
24:43 Gothikon
27:10 Iron Casting
27:52 Conscription
29:17 Blast Furnace
28:58 Stone Mining
29:29 Arson
29:37 Town Watch
35:54 Stone Shaft Mining
36:05 Guilds
37:04 Fletching
Sorrateiro
7:33 Feudal Age
8:02 Feudal Age
8:55 Double-Bit Axe
11:35 Castle Age
9:32 Horse Collar
13:03 Bow Saw
16:26 Fortified Wall
19:20 Fervor
19:16 Loom
20:46 Sanctity
21:15 Wheelbarrow
20:36 Town Watch
22:34 Heavy Plow
23:24 Hand Cart
26:02 Imperial Age
24:25 Forging
24:15 Scale Mail Armor
25:59 Iron Casting
24:46 Pikeman
25:26 Squires
25:12 Arson
26:47 Chain Mail Armor
26:13 Halberdier
27:54 Two-Man Saw
28:24 Chemistry
28:29 Blast Furnace
28:47 Plate Mail Armor
28:18 Padded Archer Armor
30:13 Leather Archer Armor
30:34 Masonry
31:33 Ring Archer Armor
31:44 Conscription
31:35 Wagenburg Tactics
32:35 Siege Engineers
33:02 Architecture
32:38 Houfnice
36:11 Fletching
38:53 Bodkin Arrow
Connection lost

Rejoining the realm…

Still unreachable

The connection could not be restored.

Session expired

The server has moved on; the page needs a fresh start.